 Dungeon Crawl Stone Soup version 0.30-a0-229-g2dd1c91445 (webtiles) character file.

Game seed: 5296202002674576205

40 qw the Chopper (level 3, -2/23 HPs)
             Began as a Gargoyle Fighter on Oct 9, 2022.
             Killed from afar by Natasha (3 damage)
             ... with a magic dart
             ... on level 3 of the Dungeon.
             The game lasted 00:00:30 (1793 turns).

qw the Chopper (Gargoyle Fighter)                   Turns: 1793, Time: 00:00:31

Health: -2/23      AC: 14    Str: 21    XL:     3   Next: 50%
Magic:  3/3        EV:  7    Int:  8    God:
Gold:   167        SH:  4    Dex:  9    Spells: 2/2 levels left

rFire   . . .      SeeInvis .    Y - +0 war axe
rCold   . . .      Faith    .    c - +0 buckler
rNeg    + . .      Spirit   .    i - +0 chain mail
rPois   inf        Reflect  .    f - +0 helmet
rElec   +          Harm     .    k - +0 cloak
rCorr   .          Rampage  .    (no gloves)
Will    .....                    (no boots)
Stlth   ..........               (no amulet)
HPRegen 0.23/turn                (no ring)
MPRegen 0.08/turn                (no ring)

@: slowed, very slow
A: sickness immunity, AC +3, negative energy resistance 1, electricity
resistance, torment resistance 1, petrification resistance
a: no special abilities


You were on level 3 of the Dungeon.
You visited 1 branch of the dungeon, and saw 3 of its levels.

You collected 167 gold pieces.


Innate Abilities, Weirdness & Mutations

You are immune to sickness and miasma.
Your stone body is resilient. (AC +3)
You are immune to poison.
You resist negative energy. (rN+)
You are resistant to electric shocks. (rElec)
You are resistant to unholy torment.
You are immune to petrification.


   Skills:
 - Level 3.2 Fighting
 + Level 3.4 Axes
 - Level 3.2 Armour
 - Level 3.2 Shields


You had 2 spell levels left.
You didn't know any spells.
Your spell library was empty.

Inventory:

Hand Weapons
 l - a +0 whip
 Y - a +0 war axe (weapon)
Missiles
 e - 8 boomerangs (quivered)
Armour
 c - a +0 buckler (worn)
 f - a +0 helmet (worn)
 i - a +0 chain mail (worn)
 k - a +0 cloak (worn)
Scrolls
 a - a scroll of summoning {unknown}
 b - a scroll of identify {unknown}
 o - a scroll of teleportation
 p - a scroll of fear {unknown}
Potions
 d - a potion of might
 g - a potion of invisibility {unknown}
 h - a potion of curing
 j - a potion of berserk rage {unknown}
 m - a potion of heal wounds
 n - a potion of attraction {unknown}
 r - a potion of brilliance {unknown}

Dungeon Overview and Level Annotations

Branches:
Dungeon (3/15)

Altars:

Annotations:
D:3 Natasha


Message History

You closely miss Natasha. You block Natasha's attack.
Natasha barely misses you.
You barely miss Natasha. You block Natasha's attack. x2
Natasha casts a spell.
You hit Natasha but do no damage.
Natasha claws you but does no damage. x2
You hit Natasha.
Natasha is lightly wounded.
You block Natasha's attack.
The iron imp hits you but does no damage.
Natasha casts a spell at you. The magic dart hits you!
You hit Natasha.
Natasha is moderately wounded.
You barely miss the iron imp. Natasha closely misses you.
The iron imp closely misses you. Natasha claws you but does no damage.
You completely miss Natasha.
Natasha is moderately wounded.
You barely miss the iron imp. The iron imp hits you!
Natasha casts a spell at you.
You feel as though you will be slow longer.
The iron imp barely misses you. Natasha claws you.
You barely miss Natasha.
Natasha is moderately wounded.
You hit the iron imp but do no damage.
Natasha stares at you and mumbles some strange words.
The magic dart hits you but does no damage.
The iron imp barely misses you. You block Natasha's attack.
The iron imp barely misses you.
You slash Natasha!
Natasha is severely wounded.
You hit the iron imp but do no damage.
Natasha casts a spell.
The iron imp hits you. Natasha casts a spell at you. The magic dart hits you.
You die...

... ... #.. ..# #.# #.#
# # #.# #.# #.# #.# #.#
#.# ###.# #.# #.# #.# .
......#.##.###.##
...####.#.# #.#.##.#.###
......5h.#####....###...
#####.@#.##...)##.#.###
......5....#.#..###.##
................# #.#
........#.###.#.# #.#
..........###.#.# #..
....%...........# ###
..........###.###
....>..#..# #.#
##.##....# #.#


You could see an iron imp (summoned), Natasha and a shadow imp (summoned).

Vanquished Creatures
  2 dart slugs (D:2)
  An orc (D:3)
  3 bats (D:1)
  6 endoplasms
  2 hobgoblins (D:2)
  A jackal (D:2)
  3 ball pythons
  A frilled lizard (D:1)
  3 goblins
  5 kobolds
  6 rats
33 creatures vanquished.

Notes
Turn   | Place    | Note
-------+----------+-------------------------------------------
     0 | D:1      | qw the Gargoyle Fighter began the quest for the Orb.
     0 | D:1      | Reached XP level 1. HP: 14/14 MP: 1/1
     0 | D:1      | 0 ||| qw: Version: 0.2-a-17-g06abaee
     0 | D:1      | 0 ||| qw: Game counter: 2304
     0 | D:1      | 0 ||| qw: Always use a shield: true
     0 | D:1      | 0 ||| qw: God list: Okawaru
     0 | D:1      | 0 ||| qw: Allow faded altars: false
     0 | D:1      | 0 ||| qw: Do Orc after D:15 true
     0 | D:1      | 0 ||| qw: Do second Lair branch before Depths: true
     0 | D:1      | 0 ||| qw: Lair rune preference: random
     0 | D:1      | 0 ||| qw: Plans: Normal, Zot:1-4, God:TSO, Crypt, Tomb,
                  | Pan, Slime:5, Hells, Abyss, Orb
     0 | D:1      | 0 ||| PLANNING D:1-11
   101 | D:1      | Reached XP level 2. HP: 19/19 MP: 2/2
   254 | D:1      | 254 ||| DROPPING +0 club.
   641 | D:1      | 641 ||| UPGRADING to +0 helmet.
   646 | D:1      | 646 ||| UPGRADING to +0 chain mail.
   656 | D:1      | 656 ||| DROPPING +0 scale mail.
   657 | D:1      | 657 ||| UPGRADING to +0 cloak.
   662 | D:1      | 662 ||| READING scroll labelled CUCVE FIUZ.
   720 | D:2      | Reached skill level 3 in Axes
   831 | D:2      | Reached XP level 3. HP: 23/23 MP: 3/3
   898 | D:2      | 898 ||| Stepping ~*~*~tactically~*~*~ (hiding).
  1536 | D:2      | 1536 ||| READING scroll labelled RIW HUAN FYOPU.
  1539 | D:2      | 1539 ||| READING 2 scrolls labelled LUNIUKEA IBOMA.
  1540 | D:2      | 1540 ||| READING scroll labelled FAGUQE NUUDO.
  1541 | D:2      | 1541 ||| READING scroll labelled KUMIBA POARE FYU.
  1542 | D:2      | 1542 ||| DRINKING 2 silvery potions.
  1543 | D:2      | 1543 ||| DRINKING 2 cyan potions.
  1544 | D:2      | 1544 ||| DRINKING 2 sedimented brown potions.
  1545 | D:2      | 1545 ||| DROPPING scroll of butterflies.
  1546 | D:2      | 1546 ||| DROPPING potion of flight.
  1582 | D:3      | 1582 ||| Stepping ~*~*~tactically~*~*~ (stealth).
  1782 | D:3      | Noticed Natasha
  1783 | D:3      | 1783 ||| Stepping ~*~*~tactically~*~*~ (hiding).
  1793 | D:3      | HP: 1/23 [iron imp[Natasha] (6)]
  1793 | D:3      | Killed from afar by Natasha

Levels and vault maps discovered:
D:1:      spicycebolla_green_bress_n_ham, layout_basic,
          minmay_large_rounded_square
D:2:      minmay_spotlight, layout_basic, serial_rivers,
          chequers_serial_rivers_large_a, chequers_serial_rivers_room_b,
          chequers_serial_rivers_small_a, chequers_serial_rivers_micro_a,
          chequers_serial_rivers_micro_c, chequers_serial_rivers_micro_b
D:3:      layout_loops_ring, mainiacjoe_overflow_catwalk, uniq_ijyb,
          uniq_jessica, uniq_natasha

Skill      XL: |  1  2 |
---------------+-------+-----
Axes           | 2 3 |  3.4
Fighting       | |  3.2
Armour         | |  3.2
Shields        | |  3.2

Action                   || total
-------------------------++-------
Melee: War axe           ||    60
Throw: Boomerang         ||    39
  Use: Scroll            ||     5
       Potion            ||     3
Armor: Scale mail        ||     4
       Chain mail        ||    25
Dodge: Dodged            ||    17
Block: Buckler           ||    14

Table legend:
 A = Non-vault XP
 B = Vault XP
 C = Vault XP percentage of total XP
 D = Non-vault monster count
 E = Vault monster count
 F = Vault count percentage of total count
                 A         B        C        D         E       F
            +---------+---------+-------+---------+---------+-------
      Total |      53 |       5 |   8.6 |      30 |       3 |   9.1
            +---------+---------+-------+---------+---------+-------
        D:1 |      25 |       0 |   0.0 |      18 |       0 |   0.0
        D:2 |      15 |       5 |  25.0 |       6 |       3 |  33.3
        D:3 |      13 |       0 |   0.0 |       6 |       0 |   0.0
            +---------+---------+-------+---------+---------+-------
